 Dungeon Sprint DCSS version 0.30-a0-34-gbe8da3892a (webtiles) character file.

Game seed: 15413946594947588385

98122 mhtbhm the Ninja (level 14, -13/75 HPs)
             Began as a Spriggan Brigand on Aug 27, 2022.
             Was the Champion of Dithmenos.
             Killed themself with a badly aimed burst of rock shards (14 damage)
             ... in the Dungeon (Sprint III: "The Ten Rune Challenge").
             The game lasted 00:20:44 (7368 turns).

mhtbhm the Ninja (Spriggan Brigand)                 Turns: 7368, Time: 00:20:44

Health: -13/75     AC:  7    Str:  7    XL:     14   Next: 92%
Magic:  22/22      EV: 44    Int: 12    God:    Dithmenos [******]
Gold:   1527       SH:  0    Dex: 22    Spells: 10/13 levels left

rFire   . . .      SeeInvis +    t - +3 rapier (drain)
rCold   . . .      Faith    .    (no shield)
rNeg    + . .      Spirit   .    b - +0 robe
rPois   +          Reflect  .    (helmet restricted)
rElec   .          Harm     .    c - +2 cloak
rCorr   .          Rampage  .    (gloves unavailable)
Will    +++..      NoTele   +    (boots unavailable) Stlth *********+
                                 z - amulet "Ajiusch" {Regen+ Slay+3}
HPRegen 1.02/turn                f - ring "Kajol" {Wiz rPois rN+ SInv}
MPRegen 0.18/turn                k - ring of flight

@: flying, wreathed by umbra, very quick
A: very small, no large weapons, unfitting armour, see invisible, speed 3,
iridescent scales 1, frail 1, strong-willed 1
}: 2/10 runes: serpentine, barnacled
a: Renounce Religion, Shadow Step, Shadow Form


You were in the Dungeon.
You worshipped Dithmenos.
Dithmenos was exalted by your worship.
You visited 1 branch You collected 3662 gold pieces.
You spent 2135 gold pieces at shops.

Inventory:

Hand Weapons
 a - the +6 dagger of Ecroffi {venom, Will+}
   (You bought it in a shop in the Dungeon)

   It poisons the flesh of those it strikes.
   Will:      It increases your willpower.
 t - a +3 rapier of draining (weapon)
Missiles
 d - 7 poisoned darts (quivered)
 e - 5 curare-tipped darts
 u - 5 datura-tipped darts
 v - 5 atropa-tipped darts
Armour
 b - a +0 robe (worn)
 c - a +2 cloak (worn)
Jewellery
 f - the ring "Kajol" (left hand) {Wiz rPois rN+ SInv}
   (You acquired it in the Dungeon)

   [ring of wizardry]

   It improves your spell success rate.
   rPois:     It protects you from poison.
   rN:        It protects you from negative energy.
   SInv:      It lets you see invisible.
 k - a ring of flight (right hand)
 x - a ring of positive energy
 z - the amulet "Ajiusch" (around neck) {Regen+ Slay+3}
   (You found it in the Dungeon)

   [amulet of regeneration]

   Slay:      It affects your accuracy & damage with ranged weapons and melee
   (+3).
   Regen:     It increases your rate of health regeneration.
Wands
 w - a wand of digging (2)
Scrolls
 l - 2 scrolls of poison
 n - 3 scrolls of torment
 y - a scroll of amnesia
 A - a scroll of brand weapon
Potions
 h - 2 potions of haste
 i - 2 potions of magic
 j - 2 potions of heal wounds
 m - 3 potions of curing
 o - a potion of ambrosia
 p - a potion of lignification
 q - a potion of flight
 r - 3 potions of mutation
 s - a potion of might
 C - a potion of resistance
Miscellaneous
 g - a tin of tremorstones (2/2)


   Skills:
 + Level 14.8 Fighting
 + Level 21.6 Short Blades
 + Level 18.0 Throwing
 + Level 26.1 Dodging
 O Level 27 Stealth
 + Level 10.6 Invocations
 + Level 12.6 Evocations


You had 10 spell levels left.
You knew the following spells:

 Your Spells              Type           Power      Damage    Failure   Level
a - Slow                  Hex            0%         N/A       13%         1
b - Wereblood             Tmut           0%         N/A       21%         2

Your spell library contained the following spells:

 Spells                   Type           Power      Damage    Failure   Level
 Sublimation of Blood     Necr           0%         N/A       21%         2
 Confusing Touch          Hex            0%         N/A       36%         3
 Vampiric Draining        Necr           0%         2d6       36%         3
 Summon Hydra             Summ           0%         N/A       100%        7


Dungeon Overview and Level Annotations

Branches:
Dungeon (1/1)

Altars:
Cheibriados
Dithmenos
Elyvilon
Fedhas
Gozag
Hepliaklqana
Kikubaaqudgha
Makhleb
Nemelex Xobeh
Okawaru
Qazlal
Ru
Sif Muna
Trog
Uskayaw
Vehumet
Wu Jian
Xom
Yredelemnul
Zin
The Shining One
Jiyva
Lugonu

Shops:
D (=?=(!*[=**!(:!(?:

Annotations:
D Boris


Innate Abilities, Weirdness & Mutations

You are very small and have problems with some larger weapons.
You are too small for most types of armour.
You have supernaturally acute eyesight. (SInv)
You cover ground extremely quickly. (Speed+++)
You are partially covered in iridescent scales. (AC +2)
You are frail. (-10% HP)
You are strong-willed. (Will+)


Message History

The golden dragon zombie is severely damaged.
Your shadow hits the golden dragon zombie with a rapier.
You hit the golden dragon zombie but do no damage.
The golden dragon zombie is severely damaged.
You barely miss the golden dragon zombie.
The golden dragon zombie is severely damaged.
Your shadow hits the golden dragon zombie but does no damage.
The golden dragon zombie bites you!!
You emit a cloud of dark smoke.
The golden dragon zombie completely misses you. x2
You are too injured to fight recklessly!
You are too injured to fight recklessly!
You are too injured to fight recklessly!
You are too injured to fight recklessly!
You are too injured to fight recklessly!
You are too injured to fight recklessly!
You are too injured to fight recklessly!
You are too injured to fight recklessly!
You are too injured to fight recklessly!
You are too injured to fight recklessly!
You are too injured to fight recklessly!
You are too injured to fight recklessly!
You are too injured to fight recklessly!
You are too injured to fight recklessly!
You are too injured to fight recklessly!
You are too injured to fight recklessly!
Unknown command.
The tremorstone explodes into fragments!
The burst of rock shards engulfs the stone giant skeleton!
The burst of rock shards engulfs Boris!
The burst of rock shards engulfs the golden dragon zombie!
The burst of rock shards engulfs Boris but does no damage.
The burst of rock shards engulfs the stone giant skeleton!!
The burst of rock shards engulfs the golden dragon zombie!
The burst of rock shards engulfs you!!
* * * LOW HITPOINT WARNING * * *
The burst of rock shards engulfs Boris but does no damage.
The burst of rock shards engulfs the stone giant skeleton!
The burst of rock shards engulfs the golden dragon zombie.
The burst of rock shards engulfs you!
You die...

##▓≈≈≈~≈≈≈≈~≈≈≈▓#########.#......
.#▓≈≈≈.†....≈≈≈▓#.#.#.#.#........
.#▓≈≈..∩∩.∩†.≈≈▓#................
##▓▓▓▓▓▓▓▓▓▓▓▓▓▓#................
########'#############
#..L###...## #...##.....##
#'###§§.....# +.ZLZ@§.....+
#+###§§.....# ##.....## ##...##
##+##


You could see Boris (invisible), a golden dragon zombie and a stone giant
skeleton.

Vanquished Creatures
  Frederick (D)
  Rupert (D)
  2 liches (D)
  A kraken (D)
  Frances (D)
  Gastronok (D)
  2 shadow dragons (D)
  2 sphinxes (D)
  Donald (D)
  Chuck (D)
  4 azure jellies (D)
  A nagaraja (D)
  A deep elf demonologist (D)
  2 dire elephants (D)
  A deep elf annihilator (D)
  Azrael (D)
  An iron golem (D)
  A deep elf death mage (D)
  A fire dragon (D)
  3 yaktaur captains (D)
  Erolcha (D)
  2 hydras (D)
  A naga warrior (D)
  An ogre mage (D)
  A centaur warrior (D)
  3 alligator snapping turtles (D)
  3 anacondas (D)
  4 dancing weapons (D)
  4 death yaks (D)
  Urug (D)
  4 orc high priests (D)
  4 hell knights (D)
  A skeletal warrior (D)
  An anaconda zombie (D)
  A death drake (D)
  A glowing orange brain (shapeshifter) (D)
  A spriggan druid (D)
  An orange crystal statue (D)
  An obsidian statue (D)
  A lindwurm (D)
  3 deep elf zephyrmancers (D)
  3 deep elf pyromancers (D)
  4 crystal guardians (D)
  4 ugly things (D)
  2 elephants (D)
  6 black mambas (D)
  2 water nymphs (shapeshifter) (D)
  A guardian serpent (D)
  2 cane toads (D)
  A rime drake (D)
  A komodo dragon (D)
  2 yaktaurs (D)
  3 wandering mushrooms (D)
  An anaconda simulacrum (D)
  A queen bee (D)
  2 guardian mummies (D)
  4 spriggan defenders (D)
  2 tyrant leeches (D)
  4 statues (D)
  8 blink frogs (D)
  A shadow (D)
  5 slime creatures (D)
  3 snapping turtles (D)
  2 spriggans (D)
  5 redbacks (D)
  A spatial vortex (D)
  2 nagas (D)
  An iron troll simulacrum (D)
  2 water moccasins (D)
  A swamp drake (D)
  3 orc warriors (D)
  5 two-headed ogres (D)
  A necrophage (D)
  A water elemental (D)
  32 killer bees (D)
  An electric eel (D)
  A jelly (D)
  2 orc priests (D)
  A wizard (D)
  2 necromancers (D)
  2 orc wizards (D)
  3 humans (D)
  A kobold demonologist (D)
  3 adders (D)
  A phantom (D)
  11 orcs (D)
  4 rats (D)
219 creatures vanquished.

Vanquished Creatures (others)
  A bush (D)
  A fungus (D)
  23 plants (D)
25 creatures vanquished.

Grand Total: 244 creatures vanquished

Notes
Turn   | Place    | Note
-------+----------+-------------------------------------------
     0 | D        | mhtbhm the Spriggan Brigand began the quest for the Orb.
     0 | D        | Reached XP level 1. HP: 10/10 MP: 2/2
     5 | D        | Reached skill level 6 in Stealth
    16 | D        | Reached skill level 7 in Stealth
    72 | D        | Reached skill level 9 in Stealth
    72 | D        | Reached XP level 2. HP: 15/15 MP: 3/3
   189 | D        | Gained mutation: You are partially covered in iridescent
                  | scales. (AC +2) [potion of mutation]
   212 | D        | Noticed a water elemental
   225 | D        | Killed a water elemental
   226 | D        | Reached skill level 11 in Stealth
   226 | D        | Reached XP level 3. HP: 18/18 MP: 4/4
   226 | D        | Reached XP level 4. HP: 23/23 MP: 5/5
   275 | D        | Found a radiant altar of Vehumet.
   275 | D        | Found a shimmering blue altar of Sif Muna.
   275 | D        | Found an ancient bone altar of Kikubaaqudgha.
   275 | D        | Noticed a wizard
   277 | D        | Killed a wizard
   278 | D        | Reached skill level 12 in Stealth
   282 | D        | Reached skill level 13 in Stealth
   392 | D        | Learned a level 1 spell: Slow
   396 | D        | Learned a level 2 spell: Wereblood
   410 | D        | Found a shadowy altar of Dithmenos.
   410 | D        | Noticed a necrophage
   426 | D        | Killed a necrophage
   427 | D        | Reached skill level 5 in Short Blades
   427 | D        | Reached skill level 14 in Stealth
   427 | D        | Reached XP level 5. HP: 10/27 MP: 6/6
   615 | D        | Found a basalt altar of Yredelemnul.
   615 | D        | Found a sacrificial altar of Ru.
   617 | D        | Reached skill level 5 in Throwing
   621 | D        | Became a worshipper of Dithmenos the Shadowed
   632 | D        | Found a glowing silver altar of Zin.
   633 | D        | Found a glowing golden altar of the Shining One.
   633 | D        | Found a white marble altar of Elyvilon.
   633 | D        | Noticed a deep elf pyromancer
   643 | D        | Killed a deep elf pyromancer
   644 | D        | Reached skill level 18 in Stealth
   644 | D        | Reached XP level 6. HP: 27/32 MP: 7/7
   644 | D        | Reached XP level 7. HP: 30/36 MP: 8/8
   791 | D        | Found a hide-covered altar of Uskayaw.
   791 | D        | Found an iron altar of Okawaru.
   792 | D        | Found a bloodstained altar of Trog.
   792 | D        | Found an ornate altar of the Wu Jian Council.
   792 | D        | Noticed a human
   792 | D        | Noticed a human
   794 | D        | Killed a human
   795 | D        | Reached skill level 19 in Stealth
   795 | D        | Killed a human
   795 | D        | Reached * piety under Dithmenos
   811 | D        | Noticed a shadow
   848 | D        | Killed a shadow
   849 | D        | Reached skill level 20 in Stealth
   849 | D        | Reached XP level 8. HP: 28/42 MP: 9/9
   861 | D        | Found a blossoming altar of Fedhas.
   861 | D        | Found a stormy altar of Qazlal.
   862 | D        | Found a snail-covered altar of Cheibriados.
   862 | D        | Found a burning altar of Makhleb.
   862 | D        | Found a hazy altar of Hepliaklqana.
   862 | D        | Found a shimmering altar of Xom.
   862 | D        | Found an opulent altar of Gozag.
   862 | D        | Found a sparkling altar of Nemelex Xobeh.
   862 | D        | Found a corrupted altar of Lugonu.
   862 | D        | Found a viscous altar of Jiyva.
   864 | D        | Reached ** piety under Dithmenos
   884 | D        | Reached skill level 21 in Stealth
   889 | D        | Noticed a two-headed ogre
   892 | D        | Killed a two-headed ogre
   892 | D        | Reached *** piety under Dithmenos
   893 | D        | Reached skill level 22 in Stealth
   896 | D        | Noticed a two-headed ogre
   896 | D        | Noticed Erolcha
   898 | D        | Killed Erolcha
   899 | D        | Reached skill level 23 in Stealth
   899 | D        | Reached XP level 9. HP: 35/45 MP: 10/10
   899 | D        | Killed a two-headed ogre
   900 | D        | Reached skill level 10 in Short Blades
   900 | D        | Reached skill level 5 in Dodging
   900 | D        | Reached skill level 24 in Stealth
   908 | D        | Reached **** piety under Dithmenos
   914 | D        | Noticed a wandering mushroom
   918 | D        | Noticed a wandering mushroom
   920 | D        | Noticed a wandering mushroom
   921 | D        | Killed a wandering mushroom
   926 | D        | Killed a wandering mushroom
   927 | D        | Reached skill level 25 in Stealth
   930 | D        | Killed a wandering mushroom
   931 | D        | Reached skill level 10 in Throwing
  1156 | D        | Noticed an orc high priest
  1156 | D        | Noticed an orc high priest
  1197 | D        | Reached ***** piety under Dithmenos
  1214 | D        | Killed an orc high priest
  1215 | D        | Reached skill level 26 in Stealth
  1215 | D        | Reached XP level 10. HP: 51/51 MP: 11/11
  1221 | D        | Killed an orc high priest
  1221 | D        | Reached ****** piety under Dithmenos
  1222 | D        | Reached skill level 27 in Stealth
  1222 | D        | Reached skill level 1 in Evocations
  1230 | D        | Found Fobaineu's General Store.
  1236 | D        | Reached skill level 5 in Fighting
  1319 | D        | Bought a scroll of identify for 24 gold pieces
  1793 | D        | Noticed Donald
  1793 | D        | Noticed Frances
  1795 | D        | Killed Frances
  1796 | D        | Reached skill level 10 in Dodging
  1796 | D        | Killed Donald
  1797 | D        | Reached skill level 5 in Evocations
  1797 | D        | Reached XP level 11. HP: 52/56 MP: 7/12
  1853 | D        | Gained mutation: You are frail. (-10% HP) [a neqoxec]
  1855 | D        | Gained mutation: You are strong-willed. (Will+) [a neqoxec]
  2036 | D        | Noticed an orange crystal statue
  2048 | D        | Found Pohy's Distillery.
  2048 | D        | Found Fidwoiny's Book Shop.
  2048 | D        | Found Ruumaory's Book Shoppe.
  2048 | D        | Found Vaokkus's Assorted Antiques.
  2048 | D        | Found Suathrav's Antique Weapon Emporium.
  2048 | D        | Found Efufink's Magic Scroll Shop.
  2048 | D        | Found Difin's Antique Weapon Emporium.
  2048 | D        | Found Ogeushin's Distillery.
  2049 | D        | Found Loadghure's General Store.
  2049 | D        | Found Xouh's Jewellery Shop.
  2049 | D        | Found Rubafol's Antique Armour Emporium.
  2093 | D        | Bought a glowing cloak for 195 gold pieces
  2103 | D        | Bought a glowing rapier for 189 gold pieces
  2105 | D        | Bought a scroll of acquirement for 728 gold pieces
  2121 | D        | Bought a potion of heal wounds for 55 gold pieces
  2121 | D        | Bought a potion of curing for 33 gold pieces
  2121 | D        | Bought a potion of curing for 33 gold pieces
  2121 | D        | Bought a potion of curing for 33 gold pieces
  2121 | D        | Bought a potion of haste for 110 gold pieces
  2121 | D        | Bought a potion of might for 44 gold pieces
  2127 | D        | Acquired the ring "Kajol" {Wiz rPois rN+ SInv}
  2210 | D        | Reached skill level 1 in Invocations
  2235 | D        | Noticed a lindwurm
  2238 | D        | Killed a lindwurm
  2246 | D        | Noticed Urug
  2248 | D        | Killed Urug
  2252 | D        | Noticed a four-headed hydra
  2252 | D        | Noticed an eight-headed hydra
  2256 | D        | Killed a four-headed hydra
  2257 | D        | Killed an eight-headed hydra
  2258 | D        | Reached skill level 15 in Dodging
  2267 | D        | Noticed a death drake
  2270 | D        | Killed a death drake
  2294 | D        | Noticed a kraken
  2298 | D        | Noticed an alligator snapping turtle
  2298 | D        | Noticed an alligator snapping turtle
  2298 | D        | Noticed an alligator snapping turtle
  2298 | D        | Found Miowit's Antique Weapon Shop.
  2298 | D        | Found Ycvoiboff's Jewellery Emporium.
  2298 | D        | Found Mubiuk's Distillery.
  2299 | D        | Killed a kraken
  2301 | D        | Killed an alligator snapping turtle
  2302 | D        | Reached XP level 12. HP: 49/57 MP: 5/15
  2302 | D        | Killed an alligator snapping turtle
  2304 | D        | Killed an alligator snapping turtle
  2305 | D        | Reached skill level 15 in Short Blades
  2313 | D        | Got a barnacled rune of Zot
  2316 | D        | Bought a blackened dagger for 140 gold pieces
  2316 | D        | Identified the +6 dagger of Ecroffi {venom, Will+} (You
                  | bought it in a shop in the Dungeon)
  2320 | D        | Bought a potion of haste for 120 gold pieces
  2391 | D        | Found a blossoming altar of Fedhas.
  2585 | D        | Noticed Rupert
  2589 | D        | Killed Rupert
  2597 | D        | Noticed a death yak
  2598 | D        | Noticed a death yak
  2599 | D        | Killed a death yak
  2600 | D        | Noticed an azure jelly
  2600 | D        | Noticed a death yak
  2600 | D        | Noticed an azure jelly
  2600 | D        | Noticed a death yak
  2601 | D        | Killed a death yak
  2604 | D        | Killed a death yak
  2605 | D        | Reached skill level 5 in Invocations
  2606 | D        | Killed a death yak
  2695 | D        | Noticed an anaconda
  2697 | D        | Killed an anaconda
  2872 | D        | Noticed an anaconda
  2873 | D        | Noticed an anaconda
  2874 | D        | Killed an anaconda
  2875 | D        | Killed an anaconda
  2876 | D        | Reached skill level 10 in Fighting
  2876 | D        | Reached skill level 15 in Throwing
  2876 | D        | Reached XP level 13. HP: 59/64 MP: 13/18
  2879 | D        | Noticed a nagaraja
  2879 | D        | Found Bocsocak's Antique Weapon Boutique.
  2879 | D        | Found Biusess's Jewellery Emporium.
  2982 | D        | Noticed an azure jelly
  2982 | D        | Noticed an azure jelly
  3007 | D        | Killed an azure jelly
  3194 | D        | Found Haicho's Magic Scroll Shop.
  3448 | D        | Killed a nagaraja
  3466 | D        | Bought a ring of flight for 227 gold pieces
  3481 | D        | Got a serpentine rune of Zot
  3576 | D        | Noticed a dire elephant
  3576 | D        | Noticed a dire elephant
  3576 | D        | Noticed Gastronok
  3583 | D        | Reached skill level 10 in Evocations
  3605 | D        | Killed a dire elephant
  3629 | D        | Killed a dire elephant
  4274 | D        | Killed Gastronok
  4552 | D        | Killed an azure jelly
  4670 | D        | Killed an azure jelly
  4689 | D        | Killed an azure jelly
  5501 | D        | Noticed a fire dragon
  5504 | D        | Killed a fire dragon
  5672 | D        | Reached XP level 14. HP: 55/72 MP: 22/22
  5754 | D        | Noticed Chuck
  5773 | D        | Killed Chuck
  5781 | D        | Identified the amulet "Ajiusch" {Regen+ Slay+3}
  5783 | D        | Identified the +3 ring mail of Ennui {Dex+2}
  5888 | D        | Noticed a lich
  5890 | D        | Killed a lich
  5903 | D        | Noticed a sphinx
  5903 | D        | Noticed a sphinx
  5906 | D        | Killed a sphinx
  5907 | D        | Killed a sphinx
  6119 | D        | Noticed Frederick
  6123 | D        | Killed Frederick
  6141 | D        | Noticed a lich
  6144 | D        | Killed a lich
  6145 | D        | Reached skill level 10 in Invocations
  6156 | D        | Noticed a shadow dragon
  6158 | D        | Noticed a shadow dragon
  6161 | D        | Killed a shadow dragon
  6162 | D        | Killed a shadow dragon
  6441 | D        | Bought a scroll of identify for 28 gold pieces
  6442 | D        | Bought a scroll of identify for 28 gold pieces
  6442 | D        | Bought a scroll of identify for 28 gold pieces
  6645 | D        | Noticed Azrael
  6647 | D        | Killed Azrael
  6713 | D        | Bought a potion of resistance for 120 gold pieces
  6779 | D        | Acquired 874 gold pieces
  6969 | D        | Noticed a deep elf master archer
  7330 | D        | Noticed Boris
  7368 | D        | HP: 1/75 [shot self (26)]
  7368 | D        | Killed themself with a badly aimed burst of rock shards

Illustrated notes

Levels and vault maps discovered:
D:        dungeon_sprint_mu [sprint_mu_entry_forest, sprint_mu_temple_rooms,
          sprint_mu_d1_spiders, sprint_mu_d2_genie, sprint_mu_d3_branching,
          sprint_mu_orc_legion, sprint_mu_elf_gauntlet, sprint_mu_hive_nellie,
          sprint_mu_lair_fedhas, sprint_mu_vaults_butterflies,
          sprint_mu_slime_circle, sprint_mu_shoals_kraken,
          sprint_mu_snake_twists, sprint_mu_blade_basic,
          sprint_mu_crypt_fortress, sprint_mu_tomb_spiral,
          sprint_mu_vestibule_basic, sprint_mu_gehenna_hellfire,
          sprint_mu_dis_giant, sprint_mu_tartarus_statrot,
          sprint_mu_cocytus_islands, sprint_mu_zot1]

Skill      XL: |  1  2  3  4  5  6  7  8  9 10 11 12 13 14 |
---------------+-------------------------------------------+-----
Stealth        | 9 11 14 18 20 23 26 27 | 27.0
Fighting       | 2 3 4 6 8 10 12 14 | 14.8
Short Blades   | 3 5 7 8 9 11 13 14 16 18 21 | 21.6
Throwing       | 3 4 6 7 9 10 11 13 15 16 18 | 18.0
Dodging        | 3 4 5 11 16 20 23 26 | 26.1
Evocations     | 5 7 9 11 12 | 12.6
Invocations    | 3 6 9 10 | 10.6

Action                   |  1- 3 |  4- 6 |  7- 9 | 10-12 | 13-15 || total
-------------------------+-------+-------+-------+-------+-------++-------
Melee: Dagger            |    17 |    22 |    54 |   142 |       ||   235
       Punch             |       |       |       |     3 |    11 ||    14
       Rapier            |       |       |       |    26 |   420 ||   446
Throw: Dart              |     9 |     6 |       |    13 |    19 ||    47
Invok: Shadow Step       |       |       |       |    11 |    12 ||    23
Evoke: Tin of tremorston |       |       |     2 |     4 |     8 ||    14
  Use: Potion            |     2 |       |     3 |     3 |     5 ||    13
       Scroll            |       |       |     3 |     2 |     5 ||    10
 Stab: Sleeping          |     3 |     2 |    14 |    46 |    36 ||   101
       Distracted        |       |       |     1 |       |     3 ||     4
Armor: Robe              |     1 |     2 |     1 |     6 |    13 ||    23
Dodge: Dodged            |     9 |     9 |     9 |    98 |   251 ||   376

Table legend: (Time is in decaauts)
 A = Elapsed time spent in this place.
 B = Non-inter-level travel time spent in this place.
 C = Inter-level travel time spent in this place.
 D = Time resting spent in this place.
 E = Time spent auto-exploring this place.
 F = Levels seen in this place.
 G = Mean time per level.
                   A        B        C        D        E       F      G
               +--------+--------+--------+--------+--------+-----+--------+
         Total |   6113 |   6088 |     25 |   4019 |     54 |   1 | 6113.0 |
       Dungeon |   6113 |   6088 |     25 |   4019 |     54 |   1 | 6113.0 |
               +--------+--------+--------+--------+--------+-----+--------+

Top non-repeatable levels by time:
       D: 6113 daAuts
